 Dungeon Crawl Stone Soup version 0.26.0-20-g3ca415f5b8 (webtiles) character file.

Game seed: 13677791283711390263

846616 Flure the Conqueror (level 27, -9/273 HPs)
             Began as a Formicid Fighter on Jan 24, 2021.
             Was the Champion of the Shining One.
             Mangled by Antaeus
             ... wielding the +6 dire flail of Tengunlo {pain, rC++}
              (39 damage)
             ... on level 7 of Cocytus.
             The game lasted 05:25:28 (87183 turns).

Flure the Conqueror (Formicid Fighter)             Turns: 87183, Time: 05:25:28

Health: -9/273     AC: 33    Str: 31      XL:     27
Magic:  29/48      EV: 21    Int: 31 (32) God:    the Shining One [******]
Gold:   5947       SH: 21    Dex: 15 (16) Spells: 56/69 levels left

rFire    + . .     SeeInvis +   d - +9 lajatang (holy)
rCold    + + +     Faith    .   O - +1 kite shield {rC+}
rNeg     + + +     Spirit   .   h - +9 ice dragon scales
rPois    +         Reflect  .   (helmet unavailable)
rElec    .         Harm     .   b - scarf {rC+ rF+}
rCorr    .         Rampage  .   E - +2 pair of gloves {Str+3}
Will     +++..                  l - +2 pair of boots
Stlth    +.........             C - amulet "Ruckehuh" {Inacc rPois Int+8 SInv Stlth-}
HPRegen  0.55/turn              I - ring "Leeleurr" {Wiz rF+ Int+6}
MPRegen  0.31/turn              g - ring "Jegow" {rC- Will+ Str+4 Int+6 Stlth+}

@: glowing
A: permanent stasis, dig shafts and tunnels, four strong arms, antennae 3,
hooves 1, large bone plates 1, thin skeletal structure 1, deterioration 2,
robust 1, screaming 3, weak 1, subdued magic 1
}: 5/15 runes: decaying, serpentine, slimy, silver, obsidian
a: Dig, Shaft Self, Renounce Religion, Divine Shield, Cleansing Flame, Summon
Divine Warrior


You were on level 7 of Cocytus.
You worshipped the Shining One.
The Shining One was exalted by your worship.
You visited 14 branches of the dungeon, and saw 70 of its levels.
You visited the Abyss 1 time.
You also visited: Trove, Bailey and Ice Cave.

You collected 12699 gold pieces.
You spent 6752 gold pieces at shops.

Inventory:

Hand Weapons
 d - a +9 lajatang of holy wrath (weapon)
 Q - a +6 lajatang of speed
Missiles
 n - 5 throwing nets
 K - 36 javelins
 M - 17 silver javelins
 N - 14 curare-tipped darts
Armour
 b - a scarf of resistance (worn)
 h - +9 ice dragon scales (worn)
 l - a +2 pair of boots (worn)
 r - the +4 kite shield "Qyhuacho" {-Tele rF+++ Str-3 SInv}
   (You found it on level 1 of the Lair of Beasts)

   It affects your strength (-3).
   It renders you almost immune to fire.
   It lets you see invisible.
   It prevents most forms of teleportation.
 E - a +2 pair of gloves of strength (worn)
 G - +0 gold dragon scales
 L - a +0 kite shield of fire resistance
 O - a +1 kite shield of cold resistance (worn)
Jewellery
 e - the ring of Xuny {rC+ rN+ Dex+8}
   (You found it on level 3 of the Crypt)

   [ring of positive energy]

   It affects your dexterity (+8).
   It protects you from cold.
   It protects you from negative energy.
 g - the ring "Jegow" (right hand) {rC- Will+ Str+4 Int+6 Stlth+}
   (You took it off a tengu reaver on level 5 of the Vaults)

   [ring of willpower]

   It affects your strength (+4).
   It affects your intelligence (+6).
   It makes you vulnerable to cold.
   It affects your willpower, your defense against some magical effects.
   It makes you more stealthy.
 s - the amulet "Ponomen" {Spirit rF+ Dex+6}
   (You took it off a deep elf demonologist on level 3 of the Elven Halls)

   [amulet of guardian spirit]

   It causes incoming damage to be split between your health and magic.
   It affects your dexterity (+6).
   It protects you from fire.
 y - the ring of the Shining Light {rPois rF+ rN+ Str+2 Stlth-}
   (You found it on level 3 of the Crypt)

   [ring of positive energy]

   It affects your strength (+2).
   It protects you from fire.
   It protects you from poison.
   It protects you from negative energy.
   It makes you less stealthy.
 C - the amulet "Ruckehuh" (around neck) {Inacc rPois Int+8 SInv Stlth-}
   (You found it on level 1 of the Orcish Mines)

   [amulet of inaccuracy]

   It reduces the accuracy of all your attacks.
   It affects your intelligence (+8).
   It protects you from poison.
   It lets you see invisible.
   It makes you less stealthy.
 I - the ring "Leeleurr" (left hand) {Wiz rF+ Int+6}
   (You found it on level 6 of the Lair of Beasts)

   [ring of wizardry]

   It improves your spell success rate.
   It affects your intelligence (+6).
   It protects you from fire.
 T - a +4 ring of slaying
 W - the ring "Isewka" {rElec Will+ Str-3 Int+3 Stlth+}
   (You found it on level 14 of the Dungeon)

   [ring of willpower]

   It affects your strength (-3).
   It affects your intelligence (+3).
   It insulates you from electricity.
   It affects your willpower, your defense against some magical effects.
   It makes you more stealthy.
Wands
 u - a wand of paralysis (41)
 v - a wand of iceblast (52)
 B - a wand of disintegration (31)
 X - a wand of acid (67)
Scrolls
 f - a scroll of holy word
 i - 31 scrolls of remove curse
 j - 7 scrolls of immolation
 o - 3 scrolls of silence
 q - 5 scrolls of fear
 A - 17 scrolls of identify
 D - 5 scrolls of magic mapping
 F - 10 scrolls of fog
 J - 3 scrolls of enchant armour
 U - a scroll of acquirement
 Y - a scroll of summoning
Potions
 a - 4 potions of mutation
 c - 11 potions of lignification
 k - 5 potions of brilliance
 m - 8 potions of flight
 p - 9 potions of attraction
 t - 6 potions of heal wounds
 w - 5 potions of resistance
 x - 3 potions of might
 H - 7 potions of cancellation
 P - 3 potions of ambrosia
 R - 25 potions of curing
 S - 4 potions of magic
Miscellaneous
 z - a phial of floods
 V - a box of beasts
 Z - a tin of tremorstones (2/2)


   Skills:
 O Level 27 Fighting
 - Level 14.0 Staves
 - Level 12.0 Throwing
 - Level 18.1 Armour
 - Level 16.1 Dodging
 - Level 1.1 Stealth
 - Level 17.0 Shields
 + Level 21.8 Spellcasting
 - Level 24.0 Air Magic
 + Level 20.1 Invocations
 - Level 7.0 Evocations


You had 56 spell levels left.
You knew the following spells:

 Your Spells              Type           Power        Failure   Level
a - Airstrike             Air            48%          0%          4
b - Tornado               Air            48%          2%          9

Your spell library contained the following spells:

 Spells                   Type           Power        Failure   Level
 Shock                    Conj/Air       100%         0%          1
 Corpse Rot               Necr/Air       N/A          0%          2
 Poisonous Vapours        Pois/Air       100%         0%          2
 Static Discharge         Conj/Air       70%          0%          3
 Animate Skeleton         Necr           52%          1%          1
 Apportation              Tloc           52%          1%          1
 Corona                   Hex            28%          1%          1
 Foxfire                  Conj/Fire      100%         1%          1
 Freeze                   Ice            100%         1%          1
 Magic Dart               Conj           100%         1%          1
 Pain                     Necr           100%         1%          1
 Sandblast                Erth           52%          1%          1
 Sting                    Tmut/Pois      100%         1%          1
 Summon Small Mammal      Summ           100%         1%          1
 Call Imp                 Summ           26%          1%          2
 Ensorcelled Hibernation  Hex/Ice        52%          1%          2
 Passwall                 Tmut/Erth      21%          1%          2
 Searing Ray              Conj           52%          1%          2
 Slow                     Hex            26%          1%          2
 Sublimation of Blood     Necr           13%          1%          2
 Confusing Touch          Hex            26%          1%          3
 Conjure Flame            Conj/Fire      26%          1%          3
 Dazzling Flash           Conj/Hex       52%          1%          3
 Frozen Ramparts          Ice            52%          1%          3
 Gell's Gravitas          Tloc           13%          1%          3
 Ignite Poison            Fire/Tmut/Pois 26%          1%          3
 Inner Flame              Hex/Fire       26%          1%          3
 Mephitic Cloud           Conj/Pois/Air  59%          1%          3
 Ozocubu's Armour         Ice            26%          1%          3
 Portal Projectile        Hex/Tloc       52%          1%          3
 Stone Arrow              Conj/Erth      52%          1%          3
 Summon Guardian Golem    Hex/Summ       26%          1%          3
 Vampiric Draining        Necr           13%          1%          3
 Lightning Bolt           Conj/Air       35%          1%          5
 Silence                  Hex/Air        35%          1%          5
 Freezing Cloud           Conj/Ice/Air   29%          3%          6
 Animate Dead             Necr           13%          6%          4
 Dispel Undead            Necr           26%          6%          4
 Fulminant Prism          Conj/Hex       13%          6%          4
 Hailstorm                Conj/Ice       26%          6%          4
 Ice Form                 Ice/Tmut       26%          6%          4
 Iskenderun's Mystic Bla  Conj/Tloc      26%          6%          4
 Leda's Liquefaction      Hex/Erth       13%          6%          4
 Olgreb's Toxic Radiance  Pois           26%          6%          4
 Petrify                  Tmut/Erth      26%          6%          4
 Sticky Flame             Conj/Fire      26%          6%          4
 Summon Ice Beast         Ice/Summ       26%          6%          4
 Agony                    Necr           26%          16%         5
 Alistair's Intoxication  Tmut/Pois      17%          16%         5
 Bolt of Magma            Conj/Fire/Erth 13%          16%         5
 Borgnjor's Vile Clutch   Necr/Erth      13%          16%         5
 Excruciating Wounds      Necr           13%          16%         5
 Fireball                 Conj/Fire      13%          16%         5
 Irradiate                Conj/Tmut      13%          16%         5
 Lee's Rapid Deconstruct  Erth           13%          16%         5
 Metabolic Englaciation   Hex/Ice        13%          16%         5
 Summon Forest            Summ/Tloc      13%          16%         5
 Summon Mana Viper        Hex/Summ       26%          16%         5
 Yara's Violent Unravell  Hex/Tmut       13%          16%         5
 Death Channel            Necr           13%          65%         6
 Dispersal                Tloc           13%          65%         6
 Eringya's Noxious Bog    Tmut/Pois      13%          65%         6
 Hydra Form               Tmut           13%          65%         6
 Iron Shot                Conj/Erth      13%          65%         6
 Ozocubu's Refrigeration  Ice            13%          65%         6
 Shadow Creatures         Summ           N/A          65%         6
 Simulacrum               Ice/Necr       13%          65%         6
 Statue Form              Tmut/Erth      17%          65%         6
 Dragon Form              Tmut           13%          99%         7
 Disjunction              Tloc           13%          100%        8
 Ignition                 Fire           13%          100%        8
 Shatter                  Erth           13%          100%        9
 Swiftness                Air            Unusable     N/A         2
 Blink                    Tloc           Unusable     N/A         2

Dungeon Overview and Level Annotations

Branches:
Dungeon (15/15)            Temple (0/1) D:7            Lair (6/6) D:8
  Swamp (4/4) Lair:2        Snake (4/4) Lair:4        Slime (5/5) Lair:6
    Orc (2/2) D:10            Elf (3/3) Orc:2        Vaults (5/5) D:13
  Crypt (3/3) Vaults:2       Tomb (0/3) Crypt:3      Depths (5/5) D:15
   Hell (visited)             Dis (0/7) Hell            Geh (7/7) Hell
    Coc (7/7) Hell            Tar (0/7) Hell            Zot (5/5) Depths:5
 Bailey (visited)           IceCv (visited)

Altars:
Ashenzari
Cheibriados
Dithmenos
Elyvilon
Gozag
Hepliaklqana
Kikubaaqudgha
Okawaru
Qazlal
Sif Muna
Trog
Uskayaw
Vehumet
Xom
Yredelemnul
Zin
The Shining One
Beogh
Jiyva

Shops:
D:5 :   D:9 (   D:15 *   Orc:2 (:[*(   Elf:3 :   Snake:2 *(:}=}   Snake:3 *
Vaults:2 [   Vaults:4 =   Depths:2 *   Depths:3 }:}(

Portals:
Hell: Depths:1 Depths:2 Depths:3 Depths:4 Depths:5
Abyss: Depths:4 Depths:5
Pandemonium: Depths:1 Depths:3
Ziggurat: Depths:3

Annotations:
D:9 exclusion: statue
Coc:7 Antaeus


Innate Abilities, Weirdness & Mutations

You cannot be hasted, slowed, berserked, paralysed or teleported.
You can dig through walls and to a lower floor.
Your four strong arms can wield two-handed weapons with a shield.
You have a pair of large antennae on your head. (SInv)
You have large cloven feet.
You are partially covered in large bone plates. (SH +4)
You have a somewhat thin skeletal structure. (Dex +2, Stealth)
Your body often deteriorates upon taking damage.
You are robust. (+10% HP)
You frequently scream uncontrollably at your foes.
You are weak. (Str -2)
Your spells are a little easier to cast, but a little less powerful.


Message History

Antaeus is smitten.
Your angel hits Antaeus but does no damage. x2
You feel much better.
Antaeus hits you with the +6 dire flail of Tengunlo {pain, rC++}!!!
* * * LOW HITPOINT WARNING * * *
Antaeus freezes you! You resist.
* * * LOW HITPOINT WARNING * * *
Antaeus hits you with the +6 dire flail of Tengunlo {pain, rC++}!!
* * * LOW HITPOINT WARNING * * *
Antaeus freezes you! You resist. The Shining One protects you from harm!
Your daeva calls down the wrath of the Shining One upon Antaeus.
Antaeus is smitten.
Unknown command.
You feel much better.
Your angel hits Antaeus with a +3 sacred scourge of holy wrath!
Antaeus convulses.
Your angel hits Antaeus but does no damage.
Antaeus hits you with the +6 dire flail of Tengunlo {pain, rC++}!!!
You die...

≈..≈≈# #≈≈......,,,....≈≈###≈≈≈≈≈
≈≈..≈#*#≈.....#*+**.....≈###≈≈≈≈≈
≈≈≈.≈≈##≈....#*,,,*#....≈###≈≈≈≈≈
≈≈≈≈≈≈##≈....#,,,,,#....≈###≈≈≈≈≈
≈≈≈≈≈≈##≈....#,,,,,#....≈###≈≈≈≈≈
≈≈≈≈≈≈##≈....#,,,,,#....≈###≈≈≈≈≈
≈≈≈≈≈≈*#≈....##,,,##...≈≈###≈≈≈≈≈
≈≈≈≈≈≈*#≈≈....#####....≈≈###≈≈≈≈≈
≈≈≈≈≈≈≈##≈≈...AC@.....≈≈≈###≈≈≈≈≈
≈≈≈≈≈≈≈*#≈≈...A.......≈≈≈###≈≈≈≈≈
≈≈≈,,≈≈*##≈≈.........≈≈≈≈###≈≈≈≈≈
≈≈,,,,≈**##≈≈≈≈.....≈≈≈≈≈###≈≈≈≈≈
≈≈,,,,≈≈* #≈≈≈≈≈≈≈≈≈≈≈≈≈≈###≈≈≈≈≈
≈≈,,,,≈≈* ##≈≈≈≈≈≈≈)≈≈≈≈≈###≈≈≈≈≈
≈≈,,,,,≈** #≈≈≈≈≈≈...≈≈≈≈###≈≈≈≈≈
≈≈,,,,,≈≈* ##≈≈≈≈≈....≈≈≈###≈≈≈≈≈
≈≈,,,,,≈≈* ##≈≈≈≈.[..≈≈≈###≈≈≈≈≈


You could see Antaeus, a friendly daeva (summoned) and a friendly angel
(summoned).

Vanquished Creatures
  the Royal Jelly (Slime:5)
  Asmodeus (Geh:7)
  4 ancient liches
  4 orbs of fire
  2 juggernauts (Depths:4)
  Sojobo (Vaults:5)
  10 Killer Klowns
  8 shard shrikes
  Bai Suzhen (Crypt:1)
  Frederick (Depths:4)
  Vashnia (Snake:2)
  A curse toe (Zot:1)
  2 caustic shrikes (Depths:4)
  Geryon (Hell)
  Saint Roka (Vaults:4)
  10 golden dragons
  5 bone dragons
  13 Brimstone Fiends
  5 electric golems
  A hellephant (Hell)
  16 tentacled monstrosities
  9 Ice Fiends
  2 titans (Vaults:5)
  20 Orb Guardians
  2 deep elf master archers (Elf:3)
  A deep elf blademaster (Elf:3)
  8 quicksilver dragons
  The ghost of pleonasm the Warrior, an adept OgBe of Trog (Swamp:2)
  7 liches
  25 acid blobs
  3 sphinxes
  8 death cobs
  18 storm dragons
  Kirke (D:14)
  A tentacled starspawn (Abyss:3)
  6 tengu reavers
  Donald (Elf:1)
  6 shadow dragons
  4 draconian monks
  18 azure jellies
  7 nagarajas
  14 fire giants
  16 frost giants
  A fire giant (shapeshifter) (Vaults:5)
  A daeva (Depths:3)
  21 vault wardens
  6 draconian knights
  7 draconian shifters
  8 deep elf sorcerers
  13 balrugs
  7 ghouls
  6 spriggan defenders
  A curse skull (Crypt:1)
  4 iron dragons
  A cacodemon (Hell)
  2 angels (Depths:2)
  2 deep elf elementalists
  4 draconian stormcallers
  12 draconian scorchers
  10 ironheart preservers
  8 draconian annihilators
  25 stone giants
  6 war gargoyles
  16 very ugly things
  18 reapers
  7 vampire knights
  18 green draconians
  4 elemental wellsprings
  2 juggernaut skeletons
  2 entropy weavers (Vaults:5)
  12 deep elf demonologists
  23 yellow draconians
  12 black draconians
  11 purple draconians
  6 deep elf annihilators
  4 spark wasps
  4 bunyips
  9 red draconians
  12 white draconians
  A green death (Depths:1)
  A lorocyproca (Hell)
  16 ettins
  8 blizzard demons
  3 eleionomae
  13 deep elf death magi
  3 crystal guardians (Crypt:3)
  The ghost of Olid the Thaumaturge, a journeyman DrCj of Vehumet (Lair:1)
  4 death oozes (Slime:5)
  A merfolk impaler (Depths:1)
  A jiangshi (Crypt:2)
  11 yaktaur captains
  Josephine (D:11)
  41 vault guards
  3 quicksilver dragon zombies
  17 ogre magi
  Harold (Orc:1)
  23 naga warriors
  9 fire dragons
  8 spriggan air magi
  2 hell beasts (Hell)
  7 deep elf high priests
  16 hydras
  7 rakshasas
  14 great orbs of eyes
  3 quicksilver dragon skeletons
  A kraken zombie (Coc:7)
  4 boulder beetles
  A catoblepas (D:14)
  5 ghost crabs
  32 ice dragons
  20 centaur warriors
  5 death knights
  An anaconda (shapeshifter) (Depths:1)
  10 anacondas
  21 dancing weapons
  5 alligators
  41 two-headed ogres
  8 deep troll shamans
  A death yak (shapeshifter) (Vaults:5)
  8 deep troll earth magi
  9 death yaks
  8 tengu warriors
  50 hell hogs
  11 naga sharpshooters
  4 spriggan berserkers
  4 shock serpents
  4 vampire magi
  Sonja (D:10)
  A thrashing horror (Abyss:3)
  4 soul eaters
  5 storm dragon zombies
  3 titan skeletons
  64 skeletal warriors
  13 deep elf knights
  5 goliath frogs
  3 sixfirhies
  13 sun demons
  A wretched star (Abyss:3)
  49 hell knights
  A ghost moth zombie (Coc:7)
  4 storm dragon skeletons
  8 unseen horrors
  4 iron trolls
  5 swamp dragons
  10 anaconda zombies
  9 shadow wraiths
  4 flayed ghosts
  6 spriggan druids
  19 deep trolls
  An iron giant skeleton (Crypt:2)
  8 naga ritualists
  A quicksilver dragon simulacrum (Coc:7)
  4 glowing orange brains
  An orange crystal statue (Depths:2)
  13 bog bodies
  A lindwurm (shapeshifter) (Depths:1)
  6 golden dragon zombies
  2 wizards
  8 deep elf archers
  A kraken simulacrum (Hell)
  7 phantasmal warriors
  24 necromancers
  2 wolf spider zombies
  6 harpies (Vaults:1)
  20 ironbrand convokers
  2 anaconda skeletons
  4 shadow dragon zombies
  10 orc knights
  2 tengu zombies
  5 orc sorcerers
  3 harpies (shapeshifter)
  45 ugly things
  5 iron dragon zombies
  2 wolf spiders
  9 salamanders
  12 shining eyes
  A goliath frog zombie (Crypt:2)
  2 shadow dragon skeletons (Coc:7)
  2 oklob plants
  A cyclops (shapeshifter) (Vaults:4)
  3 frost giant zombies
  A manticore (D:14)
  50 deep elf magi
  10 mana vipers
  5 cyclopes
  8 stone giant zombies
  7 fire giant zombies
  A tengu skeleton (D:15)
  13 elephants
  5 will-o-the-wisps
  18 moths of wrath
  3 worldbinders (Abyss:3)
  A sphinx skeleton (Vaults:4)
  3 fire giant skeletons
  3 iron dragon skeletons
  5 stone giant skeletons
  2 water nymphs (Abyss:3)
  3 ice statues
  4 dire elephant zombies
  3 rust devils
  19 vault sentinels
  4 guardian serpents
  9 cane toads
  5 smoke demons
  7 frost giant skeletons
  8 molten gargoyles
  38 black mambas
  A torpor snail (shapeshifter) (Depths:5)
  18 naga magi
  A gargoyle (D:13)
  A shock serpent skeleton (Geh:5)
  4 orange demons
  5 dire elephant skeletons
  2 eyes of devastation
  2 catoblepas zombies
  A rime drake (Lair:3)
  7 komodo dragons
  12 centaur skeletons
  23 hellions
  An emperor scorpion zombie (Geh:7)
  5 tengu conjurers
  3 anaconda simulacra
  2 demonic crawlers (Hell)
  25 freezing wraiths
  A red draconian skeleton (Crypt:2)
  A golden dragon simulacrum (IceCv)
  14 tormentors
  62 yaktaurs
  2 guardian mummies (Vaults:1)
  2 hellwings
  28 ice devils
  5 efreet
  9 kobold demonologists
  An ancient zyme (Abyss:3)
  A sea snake zombie (Crypt:2)
  A catoblepas skeleton (Crypt:3)
  A purple draconian skeleton (Crypt:2)
  3 human skeletons
  24 red devils
  A queen bee (shapeshifter) (Vaults:1)
  2 meliai (shapeshifter)
  4 harpy zombies
  11 hydra zombies
  A troll (shapeshifter) (D:14)
  4 tyrant leeches
  2 wind drakes (shapeshifter)
  8 polar bears
  6 hydra skeletons
  4 harpy skeletons
  18 hornets
  8 trolls
  An ettin zombie (Geh:3)
  2 ice dragon zombies
  7 fire dragon zombies
  22 blink frogs
  A spriggan zombie (Depths:2)
  7 dream sheep
  A raiju (Abyss:3)
  2 alligator zombies
  99 flying skulls
  127 slime creatures
  4 centaur simulacra
  A meliai zombie (Crypt:1)
  2 air elementals
  A tarantella (Vaults:5)
  A ynoxinul (Depths:1)
  5 ice dragon skeletons
  2 black mamba zombies
  3 starcursed masses (Abyss:3)
  4 alligator skeletons
  3 fire dragon skeletons
  2 redbacks (Vaults:5)
  8 shadows
  3 small abominations
  40 yaks
  24 spriggans
  A frost giant simulacrum (Coc:1)
  10 wyverns
  10 water elementals
  4 ettin skeletons
  3 elf zombies
  22 wraiths
  2 dire elephant simulacra (IceCv)
  7 fire bats
  A basilisk (shapeshifter) (Depths:4)
  21 fire elementals
  6 golden eyes
  A human (D:13)
  2 golden eyes (shapeshifter)
  A hog (D:14)
  4 vampire mosquitoes
  4 chaos spawn
  A neqoxec (Swamp:4)
  An elf skeleton (Depths:4)
  Grum (D:11)
  4 basilisks
  2 death yak simulacra (IceCv)
  3 iron troll simulacra (IceCv)
  2 harpy simulacra (IceCv)
  2 human simulacra
  A swamp worm (shapeshifter) (Vaults:5)
  2 human zombies
  3 wargs
  68 nagas
  20 swamp worms
  7 hydra simulacra
  A naga (shapeshifter) (Vaults:3)
  2 acid dragons
  A merfolk zombie (Coc:7)
  A monstrous demonspawn zombie (Crypt:2)
  6 cane toad zombies
  A deep troll skeleton (Vaults:1)
  2 floating eyes
  40 hell hounds
  A floating eye (shapeshifter) (Vaults:1)
  20 water moccasins
  7 large abominations (Abyss:3)
  5 swamp drakes
  30 orc warriors
  An infernal demonspawn skeleton (Crypt:1)
  A spriggan simulacrum (Depths:2)
  An ettin simulacrum (Vaults:2)
  A black bear (shapeshifter) (Depths:2)
  10 eyes of draining
  7 sky beasts
  5 black bears
  A swamp dragon zombie (Crypt:3)
  7 cane toad skeletons
  20 necrophages
  A manticore zombie (Coc:6)
  2 snapping turtle zombies
  16 ice beasts
  An ogre (shapeshifter) (Vaults:3)
  71 wolves
  22 boggarts
  6 phantoms
  A swamp dragon skeleton (Geh:5)
  An alligator simulacrum (IceCv)
  31 centaurs
  53 ogres
  3 snapping turtle skeletons
  5 big kobolds
  2 manticore skeletons
  2 earth elementals
  16 bullfrogs
  A yaktaur skeleton (Crypt:2)
  2 cane toad simulacra
  A water moccasin skeleton (Crypt:2)
  A shapeshifter zombie (Crypt:1)
  3 scorpions
  An elephant simulacrum (IceCv)
  6 killer bees (D:9)
  51 wights
  5 electric eels
  3 howler monkeys
  A lava snake (D:10)
  4 crimson imps
  A wolf skeleton (Crypt:1)
  13 centaur zombies
  2 quasits
  A bullfrog zombie (D:10)
  2 draconian simulacra (IceCv)
  4 hounds
  4 jellies
  22 orc wizards
  A bullfrog skeleton (D:11)
  A demonspawn zombie (Crypt:1)
  12 orc priests
  Jessica (D:3)
  5 iguanas
  Ijyb (D:3)
  9 worker ants
  5 troll simulacra (IceCv)
  An ogre zombie (Crypt:2)
  A demigod zombie (Crypt:1)
  2 hound skeletons
  2 mummies
  A worker ant zombie (D:8)
  9 naga simulacra
  8 adders
  2 howler monkey skeletons
  3 ogre simulacra (IceCv)
  A river rat (Lair:2)
  2 shadow imps (D:5)
  21 white imps
  5 ufetubi
  8 oozes
  2 adder zombies
  A lava snake skeleton (Crypt:1)
  A worm (D:3)
  2 dart slugs (D:1)
  6 leopard geckos
  83 orcs
  A ball python (D:8)
  5 giant cockroaches
  11 goblins
  13 hobgoblins
  6 jackals
  17 kobolds
  4 quokkas
  11 bats
  2 frilled lizards
  A giant cockroach zombie (Crypt:2)
  A jackal zombie (D:9)
  A leopard gecko skeleton (Crypt:2)
  A leopard gecko zombie (D:9)
  3 orc skeletons
  2 quokka skeletons
  9 rats
  A bush (Lair:1)
  A plant (Depths:2)
  4 tentacles
3467 creatures vanquished.

Vanquished Creatures (collateral kills)
  A golden dragon (Zot:5)
  An Ice Fiend (IceCv)
  5 Orb Guardians (Zot:5)
  A deep elf blademaster (Elf:3)
  Roxanne (D:15)
  3 fenstrider witches (Swamp:4)
  An azure jelly (Slime:5)
  A bunyip (Swamp:4)
  3 deep elf annihilators (Elf:3)
  An eleionoma (Swamp:4)
  An ogre mage (Swamp:4)
  A naga warrior (Abyss:3)
  A ghost crab (Swamp:4)
  11 dancing weapons
  3 naga sharpshooters (Snake:3)
  A thrashing horror (Abyss:3)
  3 small abominations
  2 wretched stars (Abyss:3)
  A bog body (Swamp:4)
  A spatial maelstrom (Abyss:3)
  2 wizards (Swamp:4)
  An orc knight (Orc:1)
  7 deep elf magi
  A worldbinder (Abyss:3)
  A naga mage (Snake:3)
  A smoke demon (Abyss:3)
  A freezing wraith (IceCv)
  3 hellwings (Swamp:4)
  A wolf spider simulacrum (IceCv)
  2 slime creatures (Slime:5)
  2 large abominations (Abyss:3)
  A death yak simulacrum (IceCv)
  A neqoxec (Swamp:4)
  A chaos spawn (Swamp:4)
  2 swamp worms (Swamp:4)
  A naga (Snake:3)
  An earth elemental (Elf:3)
72 creatures vanquished.

Vanquished Creatures (others)
  A storm dragon (Zot:1)
  A fire giant (Depths:2)
  Aizul (Vaults:2)
  2 draconian scorchers
  An elemental wellspring (Coc:7)
  A black draconian (Zot:3)
  4 hell hogs
  A sun demon (Geh:6)
  A soul eater (Hell)
  3 skeletal warriors
  A sixfirhy (Swamp:4)
  3 hell knights (Geh:7)
  A goliath frog (Swamp:3)
  An anaconda zombie (Geh:6)
  A necromancer (Geh:7)
  A sphinx zombie (Vaults:4)
  A tormentor (Geh:6)
  3 bloated husks
  A hydra zombie (Geh:7)
  2 flying skulls (Geh:5)
  A shadow (Geh:4)
  An orc warrior (Vaults:3)
  A spriggan zombie (Geh:2)
  A crimson imp (Hell)
  A white imp (IceCv)
  5 ufetubi (IceCv)
  2 orcs
  2 bushes (D:8)
  15 foxfires
  50 fungi
  124 plants
  8 tentacles
  35 withered plants
277 creatures vanquished.

Grand Total: 3816 creatures vanquished

Notes
Turn   | Place    | Note
-------+----------+-------------------------------------------
     0 | D:1      | Flure the Formicid Fighter began the quest for the Orb.
     0 | D:1      | Reached XP level 1. HP: 18/18 MP: 1/1
   127 | D:1      | Reached XP level 2. HP: 24/24 MP: 2/2
   181 | D:1      | Reached XP level 3. HP: 29/29 MP: 3/3
   862 | D:2      | Reached XP level 4. HP: 36/36 MP: 4/4
   899 | D:2      | Reached skill level 1 in Dodging
  1417 | D:2      | You fall into a shaft and drop 2 floors!
  1417 | D:4      | Noticed an ogre
  1431 | D:4      | Killed an ogre
  1432 | D:4      | Reached skill level 4 in Fighting
  1432 | D:4      | Reached XP level 5. HP: 7/42 MP: 5/5
  1432 | D:4      | HP: 2/42 [worker ant (5)]
  1621 | D:4      | Noticed a sky beast
  1631 | D:4      | Reached XP level 6. HP: 40/48 MP: 6/6
  1641 | D:4      | Reached skill level 5 in Shields
  1687 | D:4      | Noticed an ogre
  1706 | D:4      | Killed an ogre
  1817 | D:3      | Found a glowing golden altar of the Shining One.
  1835 | D:3      | Found a hide-covered altar of Uskayaw.
  1842 | D:3      | Became a worshipper of the Shining One
  1850 | D:3      | Found a shimmering altar of Xom.
  1916 | D:3      | Noticed Jessica
  1938 | D:3      | Killed Jessica
  2161 | D:3      | Noticed an orc warrior
  2169 | D:3      | Reached XP level 7. HP: 53/55 MP: 7/7
  2197 | D:3      | Reached skill level 5 in Staves
  3111 | D:3      | Noticed Ijyb
  3121 | D:3      | Killed Ijyb
  3630 | D:4      | Identified the +5 short sword "Kitar" {freeze, +Inv}
  3799 | D:4      | HP: 2/55 [ice beast (13)]
  4129 | D:4      | Reached skill level 5 in Fighting
  4129 | D:4      | Reached XP level 8. HP: 44/62 MP: 8/8
  4254 | D:5      | Entered Level 5 of the Dungeon
  4378 | D:5      | Found Roatz's Book Boutique.
  4407 | D:5      | Found a shadowy altar of Dithmenos.
  4412 | D:5      | Got a dull robe
  4483 | D:5      | Identified the +1 robe "Ryzeabu" {Dex+4} (You found it on
                  | level 5 of the Dungeon)
  4662 | D:5      | Reached * piety under the Shining One
  4665 | D:5      | Reached skill level 1 in Stealth
  5398 | D:6      | Got a smoking leather armour
  5412 | D:6      | Identified the cursed +1 leather armour of the Maze {*Slow
                  | rPois rC+} (You found it on level 6 of the Dungeon)
  5439 | D:6      | Found a glowing silver altar of Zin.
  5879 | D:6      | Found a stormy altar of Qazlal.
  5912 | D:6      | Found a shimmering blue altar of Sif Muna.
  6339 | D:7      | Found a hazy altar of Hepliaklqana.
  6590 | D:7      | Reached XP level 9. HP: 51/69 MP: 9/9
  6930 | D:7      | Found a snail-covered altar of Cheibriados.
  7181 | D:7      | Found a broken altar of Ashenzari.
  7330 | D:7      | Noticed a two-headed ogre
  7346 | D:7      | Killed a two-headed ogre
  7347 | D:7      | Reached skill level 6 in Fighting
  7347 | D:7      | Reached skill level 1 in Throwing
  7671 | D:7      | Found a staircase to the Ecumenical Temple.
  7998 | D:8      | Reached ** piety under the Shining One
  8315 | D:8      | Reached XP level 10. HP: 66/77 MP: 10/10
  8597 | D:8      | Reached skill level 7 in Fighting
  8765 | D:8      | Reached skill level 10 in Staves
  8903 | D:8      | Found a staircase to the Lair.
  9256 | D:8      | Found a shadowy altar of Dithmenos.
  9693 | D:9      | Noticed a two-headed ogre
  9702 | D:9      | Killed a two-headed ogre
  9703 | D:9      | Reached skill level 8 in Fighting
  9869 | D:9      | Reached XP level 11. HP: 81/86 MP: 11/11
  9898 | D:9      | Found a flagged portal.
  9918 | Bailey   | Entered a bailey
 10485 | D:9      | Reached *** piety under the Shining One
 10547 | D:9      | Found Uruow's Weapon Shop.
 10672 | D:9      | Found a radiant altar of Vehumet.
 11067 | D:9      | Found a shimmering altar of Xom.
 11413 | D:10     | Entered Level 10 of the Dungeon
 11413 | D:10     | Noticed an unseen horror
 11418 | D:10     | Killed an unseen horror
 11419 | D:10     | Reached skill level 9 in Fighting
 11506 | D:10     | Noticed Sonja
 11510 | D:10     | Killed Sonja
 11563 | D:10     | Reached skill level 1 in Evocations
 11906 | D:10     | Found a runed translucent door.
 11906 | D:10     | Noticed a sixfirhy
 12324 | D:10     | Found a staircase to the Orcish Mines.
 12449 | Lair:1   | Entered Level 1 of the Lair of Beasts
 12460 | Lair:1   | Got a spiked kite shield
 12477 | Lair:1   | Identified the +4 kite shield "Qyhuacho" {-Tele rF+++ Str-3
                  | SInv} (You found it on level 1 of the Lair of Beasts)
 12488 | Lair:1   | Found a runed translucent gate.
 12489 | Lair:1   | Found a runed translucent gate.
 12490 | Lair:1   | Found a runed translucent gate.
 12492 | Lair:1   | Noticed Olid's ghost (journeyman DrCj)
 12842 | Lair:1   | Reached XP level 12. HP: 94/96 MP: 12/12
 13079 | Lair:1   | Reached skill level 10 in Fighting
 13181 | Lair:1   | You fall into a shaft and drop 1 floor!
 13181 | Lair:2   | Noticed an eight-headed hydra
 13181 | Lair:2   | Reached **** piety under the Shining One
 13197 | Lair:2   | You fall into a shaft and drop 1 floor!
 13331 | Lair:3   | Reached skill level 5 in Armour
 13471 | Lair:4   | Noticed a six-headed hydra
 13845 | Lair:2   | Reached skill level 5 in Throwing
 14011 | Lair:2   | Reached XP level 13. HP: 70/105 MP: 13/13
 14025 | Lair:2   | You fall into a shaft and drop 1 floor!
 14031 | Lair:3   | Reached skill level 5 in Dodging
 14168 | Lair:3   | Reached skill level 11 in Fighting
 14405 | Lair:2   | Found a staircase to the Swamp.
 14563 | Lair:2   | Killed an eight-headed hydra
 15038 | Lair:1   | Killed Olid's ghost
 16001 | Lair:3   | Reached skill level 12 in Fighting
 16267 | Lair:4   | Noticed a four-headed hydra
 16275 | Lair:4   | Killed a four-headed hydra
 16324 | Lair:4   | Reached skill level 1 in Invocations
 16566 | Lair:4   | Noticed a five-headed hydra
 16579 | Lair:4   | Killed a five-headed hydra
 16643 | Lair:4   | Reached ***** piety under the Shining One
 16936 | Lair:4   | Reached XP level 14. HP: 104/116 MP: 16/16
 17224 | Lair:4   | Found a staircase to the Snake Pit.
 17777 | Lair:5   | Noticed Snorg
 17961 | Lair:5   | Noticed Snorg
 17961 | Lair:5   | Snorg changed into Snorg the yak
 17971 | Lair:5   | Killed Snorg the yak
 18048 | Lair:5   | Reached skill level 5 in Invocations
 18072 | Lair:5   | Reached skill level 5 in Evocations
 18341 | Lair:5   | Reached skill level 10 in Armour
 18361 | Lair:5   | Reached skill level 13 in Fighting
 19107 | Lair:6   | Entered Level 6 of the Lair of Beasts
 19656 | Lair:6   | Found a viscous altar of Jiyva.
 19657 | Lair:6   | Found a staircase to the Slime Pits.
 19887 | Lair:6   | Got a clouded tin ring
 19987 | Lair:6   | Reached XP level 15. HP: 110/124 MP: 18/18
 20400 | Lair:6   | Reached skill level 10 in Shields
 20406 | Lair:6   | Identified the ring "Leeleurr" {Wiz rF+ Int+6} (You found
                  | it on level 6 of the Lair of Beasts)
 20668 | Orc:1    | Entered Level 1 of the Orcish Mines
 20668 | Orc:1    | Noticed Harold
 20696 | Orc:1    | Killed Harold
 20840 | Orc:1    | Found a roughly hewn altar of Beogh.
 20840 | Orc:1    | Noticed a stone giant
 21105 | Orc:2    | Entered Level 2 of the Orcish Mines
 21204 | Orc:2    | Found Deempur's Weapon Boutique.
 21432 | Orc:2    | Reached skill level 14 in Fighting
 21489 | Orc:2    | Found a staircase to the Elven Halls.
 21503 | Orc:2    | Reached ****** piety under the Shining One
 21791 | Orc:2    | Found Nuedgheth's Book Shop.
 21791 | Orc:2    | Found Vytak's General Store.
 21791 | Orc:2    | Found Qyis's Armour Shoppe.
 21791 | Orc:2    | Found Duozass Hete's Antique Weapon Boutique.
 22309 | Orc:1    | Found a transporter.
 22309 | Orc:1    | Found a transporter.
 22421 | Orc:1    | Found a bloodstained altar of Trog.
 22739 | Orc:1    | You fall into a shaft and drop 1 floor!
 22919 | Orc:1    | Killed a stone giant
 22920 | Orc:1    | Reached XP level 16. HP: 122/134 MP: 21/21
 22954 | Orc:1    | Got a scintillating ruby amulet
 23108 | Orc:2    | Identified the amulet "Ruckehuh" {Inacc rPois Int+8 SInv
                  | Stlth-} (You found it on level 1 of the Orcish Mines)
 23122 | Orc:2    | Bought a dazzling broad axe for 234 gold pieces
 23123 | Orc:2    | Identified the cursed +2 broad axe of War {vorpal, rF+
                  | Str+4 Int+2} (You bought it in a shop on level 2 of the
                  | Orcish Mines)
 23125 | Orc:2    | Bought a glowing broad axe for 182 gold pieces
 23168 | Elf:1    | Entered Level 1 of the Elven Halls
 23453 | D:11     | Noticed Grum
 23502 | D:11     | Noticed Josephine
 23540 | D:11     | Killed Josephine
 23622 | D:11     | Killed Grum
 25106 | D:13     | Reached skill level 15 in Fighting
 25213 | D:13     | Found an opulent altar of Gozag.
 25657 | D:13     | Found a gate to the Vaults.
 26056 | D:14     | Reached skill level 10 in Invocations
 26418 | D:14     | Got a faintly glowing iron ring
 26422 | D:14     | Identified the ring "Isewka" {rElec Will+ Str-3 Int+3
                  | Stlth+} (You found it on level 14 of the Dungeon)
 26732 | D:14     | Noticed Kirke
 26772 | D:14     | Killed Kirke
 26986 | D:14     | You fall into a shaft and drop 1 floor!
 26986 | D:15     | Entered Level 15 of the Dungeon
 26987 | D:15     | Identified Roxanne's Volume of the Mountains
 26987 | D:15     | Noticed Roxanne
 27007 | D:15     | Reached XP level 17. HP: 144/144 MP: 19/25
 27501 | D:15     | Found a staircase to the Depths.
 27527 | D:15     | Reached skill level 16 in Fighting
 27779 | D:15     | Found an iron altar of Okawaru.
 28254 | D:15     | Found Kiojacze's General Store.
 28279 | D:15     | Bought a scroll of holy word for 82 gold pieces
 28292 | D:15     | Bought a scroll of fog for 22 gold pieces
 28521 | D:15     | Killed Roxanne
 29027 | Elf:1    | Noticed Donald
 29080 | Elf:1    | Killed Donald
 29431 | Elf:1    | You fall into a shaft and drop 1 floor!
 29444 | Elf:2    | Found a runed translucent gate.
 29444 | Elf:2    | Found a runed translucent gate.
 29444 | Elf:2    | Found a runed translucent gate.
 30243 | Elf:2    | Reached skill level 10 in Throwing
 30579 | Elf:2    | Reached skill level 17 in Fighting
 31062 | Elf:1    | Reached XP level 18. HP: 154/154 MP: 27/27
 31311 | Elf:1    | Identified the Papyrus of the Escort
 32358 | Orc:2    | Bought a +0 crystal plate armour for 1120 gold pieces
 32565 | Snake:1  | Entered Level 1 of the Snake Pit
 33041 | Snake:1  | Found a basalt altar of Yredelemnul.
 33474 | Snake:2  | Found Boedgh's Antique Weapon Boutique.
 33516 | Snake:2  | Found a hide-covered altar of Uskayaw.
 33554 | Snake:2  | Found a frozen archway.
 33568 | IceCv    | Entered an ice cave
 33957 | IceCv    | Noticed an Ice Fiend
 34005 | IceCv    | Killed an Ice Fiend
 34575 | Snake:2  | Found Rituck's Assorted Antiques.
 34647 | Snake:2  | Bought a scroll of enchant armour for 255 gold pieces
 34659 | Snake:2  | Found Zekk's Gadget Shoppe.
 34659 | Snake:2  | Found Ahar's Jewellery Shop.
 34660 | Snake:2  | Found Gupn's Gadget Shoppe.
 34731 | Snake:2  | Noticed Vashnia
 34755 | Snake:2  | Killed Vashnia
 34950 | Snake:2  | Bought a runed quarterstaff for 238 gold pieces
 34974 | Snake:2  | Found Siopryad's Book Shoppe.
 35013 | Snake:2  | Reached skill level 18 in Fighting
 35119 | Snake:2  | Reached XP level 19. HP: 115/163 MP: 28/28
 35697 | Snake:3  | Found Ynusi's General Store.
 35726 | Snake:3  | Bought a scroll of fog for 34 gold pieces
 37284 | Snake:4  | Entered Level 4 of the Snake Pit
 37806 | Snake:4  | Found a white marble altar of Elyvilon.
 38305 | Snake:4  | Reached XP level 20. HP: 101/172 MP: 29/29
 38477 | Snake:4  | Reached skill level 19 in Fighting
 38507 | Snake:4  | Reached skill level 15 in Armour
 38642 | Snake:4  | Got a serpentine rune of Zot
 39140 | Swamp:1  | Entered Level 1 of the Swamp
 39379 | Swamp:2  | Found a runed translucent door.
 39380 | Swamp:2  | Noticed pleonasm's ghost (adept OgBe)
 39401 | Swamp:2  | Killed pleonasm's ghost
 41031 | Swamp:4  | Entered Level 4 of the Swamp
 41052 | Swamp:4  | Reached skill level 15 in Shields
 41216 | Swamp:4  | Gained mutation: Your spells are a little easier to cast,
                  | but a little less powerful. [a neqoxec]
 41368 | Swamp:4  | Got a decaying rune of Zot
 42319 | Elf:3    | Entered Level 3 of the Elven Halls
 42326 | Elf:3    | Found Vemifet's Book Shop.
 42500 | Elf:3    | Reached XP level 21. HP: 182/182 MP: 30/30
 43088 | Elf:3    | Reached skill level 20 in Fighting
 43128 | Elf:3    | Noticed a Brimstone Fiend
 43140 | Elf:3    | Identified the amulet "Ponomen" {Spirit rF+ Dex+6}
 43141 | Elf:3    | Identified the +1 leather armour of Rathokick {rPois rC++
                  | Int-5}
 43263 | Elf:3    | Cast into level 3 of the Abyss (a deep elf sorcerer)
 43334 | Abyss:3  | Found a corrupted altar of Lugonu.
 43644 | Abyss:3  | Found a corrupted altar of Lugonu.
 43758 | Elf:3    | Escaped the Abyss
 43962 | Elf:3    | Identified the +6 chain mail of the Curious Wonders {Int+4}
                  | (You found it on level 3 of the Elven Halls)
 44006 | Elf:3    | Got an ichor-stained quarterstaff
 44020 | Elf:3    | Got a glittering marble ring
 44026 | Elf:3    | Identified the ring "Peonog" {rF+ Dex+4 Stlth+} (You found
                  | it on level 3 of the Elven Halls)
 44044 | Elf:3    | Identified the +2 quarterstaff of Unreason {freeze, rElec
                  | rPois rF+ Dex-3} (You found it on level 3 of the Elven
                  | Halls)
 44219 | Elf:3    | Got an iridescent glaive
 44220 | Elf:3    | Identified the +8 glaive "Boust" {drain, Int+4 Dex-2
                  | Stlth+} (You found it on level 3 of the Elven Halls)
 44361 | Orc:2    | Bought 4 silver javelins for 144 gold pieces
 44361 | Orc:2    | Bought a scroll of magic mapping for 52 gold pieces
 44361 | Orc:2    | Bought a scroll of silence for 112 gold pieces
 44361 | Orc:2    | Bought a scroll of magic mapping for 52 gold pieces
 44471 | D:9      | Bought 5 silver javelins for 144 gold pieces
 44471 | D:9      | Bought 7 atropa-tipped darts for 50 gold pieces
 44606 | Slime:1  | Entered Level 1 of the Pits of Slime
 44652 | Slime:1  | Gained mutation: You are robust. (+10% HP) [a shining eye]
 44848 | Slime:1  | Gained mutation: You are dopey. (Int -2) [a shining eye]
 45021 | Slime:2  | Reached XP level 22. HP: 211/211 MP: 32/32
 45805 | Slime:4  | Gained mutation: You are weak. (Str -2) [a shining eye]
 45877 | Slime:5  | Entered Level 5 of the Pits of Slime
 45904 | Slime:5  | Reached skill level 21 in Fighting
 45959 | Slime:4  | Gained mutation: You are clumsy. (Dex -2) [a shining eye]
 46192 | Slime:5  | Noticed the Royal Jelly
 47291 | Slime:5  | Found a viscous altar of Jiyva.
 47295 | Slime:5  | Found the +6 arbalest "Damnation" {damnation}
 47328 | Slime:5  | Killed the Royal Jelly
 47329 | Slime:5  | Reached XP level 23. HP: 179/220 MP: 28/34
 47708 | Slime:5  | Identified Xaylaf's Collected Works on Earthen Ice
 47716 | Slime:5  | Identified the +1 scale mail of Imuetusa {rF++} (You found
                  | it on level 5 of the Pits of Slime)
 47759 | Slime:5  | Got a slimy rune of Zot
 47835 | Slime:5  | Got a scorched hunting sling
 47837 | Slime:5  | Identified the +11 hunting sling "Vithraici" {venom, rF+++
                  | Will+ Str-2 Dex+3} (You found it on level 5 of the Pits of
                  | Slime)
 47844 | Slime:5  | Identified the +4 chain mail "Cuhext" {+Fly rElec} (You
                  | found it on level 5 of the Pits of Slime)
 47875 | Slime:5  | Got a transparent whip
 47877 | Slime:5  | Identified the cursed +3 whip of the Howling Penguin
                  | {vorpal, rPois Str+3} (You found it on level 5 of the Pits
                  | of Slime)
 47882 | Slime:5  | Lost mutation: You are weak. (Str -2) [potion of mutation]
 47882 | Slime:5  | Lost mutation: You are dopey. (Int -2) [potion of mutation]
 47882 | Slime:5  | Lost mutation: You are clumsy. (Dex -2) [potion of
                  | mutation]
 47882 | Slime:5  | Gained mutation: You occasionally shout uncontrollably at
                  | your foes. [potion of mutation]
 47882 | Slime:5  | Gained mutation: You have large cloven feet. [potion of
                  | mutation]
 47882 | Slime:5  | Gained mutation: You have a somewhat thin skeletal
                  | structure. (Dex +2, Stealth) [potion of mutation]
 47882 | Slime:5  | Gained mutation: You are agile. (Dex +2) [potion of
                  | mutation]
 48429 | Vaults:1 | Entered Level 1 of the Vaults
 48556 | Vaults:1 | Reached skill level 15 in Invocations
 48733 | Vaults:1 | Reached skill level 1 in Spellcasting
 48834 | Vaults:1 | You fall into a shaft and drop 1 floor!
 48863 | Vaults:2 | Found Lushiqa's Antique Armour Boutique.
 49274 | Vaults:2 | Reached skill level 10 in Dodging
 49732 | Vaults:2 | Reached skill level 5 in Spellcasting
 49838 | Vaults:2 | Noticed Aizul
 49853 | Vaults:2 | Killed Aizul
 49885 | Vaults:2 | Found a staircase to the Crypt.
 50500 | Vaults:1 | Found a portal to a secret trove of treasure.
 50858 | Vaults:1 | Reached skill level 22 in Fighting
 51462 | Vaults:3 | Reached XP level 24. HP: 230/231 MP: 34/34
 54320 | Vaults:4 | Reached XP level 25. HP: 185/240 MP: 29/36
 54431 | Vaults:4 | Noticed Saint Roka
 54447 | Vaults:4 | Killed Saint Roka
 54448 | Vaults:4 | Found Fauck's Jewellery Emporium.
 54787 | Depths:1 | Entered Level 1 of the Depths
 54807 | Depths:1 | Reached skill level 10 in Spellcasting
 54810 | Depths:1 | Reached skill level 23 in Fighting
 55315 | Depths:1 | Found a one-way gate leading to the halls of Pandemonium.
 55504 | Depths:1 | Found a runed translucent door.
 55958 | Depths:1 | Found a gateway to Hell.
 56500 | Depths:2 | Found Qeyzet's Assorted Antiques.
 56512 | Depths:2 | Bought a runed lajatang for 522 gold pieces
 56912 | Depths:1 | Got a twisted quarterstaff
 56918 | Depths:2 | Identified the +5 quarterstaff of Ybaomac {elec, +Blink
                  | Str+4 Int-4 SInv} (You found it on level 1 of the Depths)
 57810 | Depths:2 | Reached XP level 26. HP: 234/253 MP: 36/39
 58397 | Depths:3 | Found a gateway to a ziggurat.
 58819 | Depths:3 | Reached skill level 24 in Fighting
 59613 | Depths:3 | Found Cedit's Book Boutique.
 59619 | Depths:3 | Found Uthravun's Weapon Shop.
 59619 | Depths:3 | Found Feythur's Gadget Boutique.
 59789 | Depths:3 | Found Curia's Gadget Shop.
 60732 | Depths:4 | Noticed Frederick
 60764 | Depths:4 | Killed Frederick
 60775 | Depths:4 | Reached skill level 15 in Dodging
 60831 | Depths:4 | Noticed a juggernaut
 61119 | Depths:4 | Killed a juggernaut
 61120 | Depths:4 | Reached XP level 27. HP: 226/264 MP: 34/40
 61445 | Depths:4 | Found a one-way gate to the infinite horrors of the Abyss.
 61951 | Depths:4 | Found a glowing golden altar of the Shining One.
 62338 | Depths:5 | Entered Level 5 of the Depths
 62338 | Depths:5 | Noticed a juggernaut
 62358 | Depths:4 | Killed a juggernaut
 62720 | Depths:5 | Reached skill level 25 in Fighting
 63068 | Depths:5 | Reached skill level 15 in Spellcasting
 63324 | Depths:5 | Found a gate to the Realm of Zot.
 63692 | Hell     | Entered the Vestibule of Hell
 63692 | Hell     | Noticed Geryon
 63710 | Hell     | Killed Geryon
 63934 | Hell     | Found a gateway to the freezing wastes of Cocytus.
 64016 | Hell     | Found a gateway to the decaying netherworld of Tartarus.
 64088 | Hell     | Found a gateway to the ashen valley of Gehenna.
 64169 | Hell     | Found a gateway to the Iron City of Dis.
 64780 | Orc:2    | Bought a potion of lignification for 45 gold pieces
 65069 | Snake:2  | Bought a wand of acid (5) for 306 gold pieces
 65073 | Snake:2  | Bought a wand of acid (8) for 384 gold pieces
 65135 | Snake:2  | Bought a manual of Air Magic for 1766 gold pieces
 65137 | Snake:2  | Bought a book of Air for 560 gold pieces
 65145 | Snake:2  | Learned a level 4 spell: Airstrike
 65250 | Snake:2  | Bought a wand of acid (10) for 448 gold pieces
 65654 | Crypt:1  | Entered Level 1 of the Crypt
 65689 | Crypt:1  | Reached skill level 1 in Air Magic
 65994 | Crypt:1  | Noticed Bai Suzhen
 66013 | Crypt:1  | Killed Bai Suzhen
 66301 | Crypt:1  | Found the +9 sword of Zonguldrok {reap}
 66315 | Crypt:1  | Reached skill level 5 in Air Magic
 66592 | Crypt:1  | Found a runed translucent door.
 66593 | Crypt:1  | Noticed an ancient lich
 66764 | Crypt:1  | Killed an ancient lich
 66765 | Crypt:1  | Reached skill level 26 in Fighting
 67549 | Crypt:3  | Entered Level 3 of the Crypt
 67707 | Crypt:3  | Found a staircase to the Tomb.
 67812 | Crypt:3  | Reached skill level 10 in Air Magic
 68260 | Crypt:3  | Found an ancient bone altar of Kikubaaqudgha.
 68261 | Crypt:3  | Noticed an ancient lich
 68271 | Crypt:3  | Killed an ancient lich
 68307 | Crypt:3  | Got a wavering granite ring
 68307 | Crypt:3  | Got a scorched marble ring
 68307 | Crypt:3  | Got a pitted ivory ring
 68323 | Crypt:3  | Identified the ring of Xuny {rC+ rN+ Dex+8} (You found it
                  | on level 3 of the Crypt)
 68324 | Crypt:3  | Identified the ring "Iveuddic" {rC+ rN+} (You found it on
                  | level 3 of the Crypt)
 68325 | Crypt:3  | Identified the ring of the Shining Light {rPois rF+ rN+
                  | Str+2 Stlth-} (You found it on level 3 of the Crypt)
 68457 | Crypt:3  | Found the +7 great mace "Undeadhunter" {disrupt, rN+}
 68763 | Vaults:5 | Entered Level 5 of the Vaults
 69443 | Vaults:5 | Identified the Incunabulum of Stolen Souls and the
                  | Snowflakes
 69565 | Vaults:5 | Identified the Volume of Earthen Feathers
 69741 | Vaults:5 | Identified Yravupoin's Volume of Ghastly Cold
 69915 | Vaults:5 | Identified a scroll of acquirement
 70210 | Vaults:5 | Identified the +6 scale mail of the Abyss {+Inv rF+ Str+2
                  | Stlth+}
 70284 | Vaults:5 | Noticed a juggernaut
 70284 | Vaults:5 | an iron giant changed into a juggernaut
 70285 | Vaults:5 | a juggernaut changed into an iron giant
 70451 | Vaults:5 | Identified the ring "Jegow" {rC- Will+ Str+4 Int+6 Stlth+}
 70620 | Vaults:5 | Got a silver rune of Zot
 70685 | Vaults:5 | Noticed Sojobo
 70856 | Vaults:5 | Killed Sojobo
 71794 | Vaults:5 | Identified the cursed +0 ring mail of Wu Jian's Esteem
                  | {Int+3} (You found it on level 5 of the Vaults)
 72130 | Vaults:1 | You paid a toll of 2 scrolls of acquirement to enter a
                  | treasure trove
 72131 | Trove    | Entered a treasure trove
 72212 | Vaults:1 | Learned a level 9 spell: Tornado
 72965 | Zot:1    | Entered Level 1 of the Realm of Zot
 73212 | Zot:1    | Noticed an orb of fire
 73212 | Zot:1    | Lost mutation: You are agile. (Dex +2) [an orb of fire]
 73234 | Zot:1    | Gained mutation: Your body sometimes deteriorates upon
                  | taking damage. [an orb of fire]
 73236 | Zot:1    | Gained mutation: Your body often deteriorates upon taking
                  | damage. [an orb of fire]
 73237 | Zot:1    | Killed an orb of fire
 73238 | Zot:1    | Reached skill level 15 in Air Magic
 74822 | Zot:1    | Found the +27 Lear's hauberk
 75681 | Zot:2    | Noticed a Killer Klown
 75696 | Zot:2    | Killed a Killer Klown
 79463 | Zot:5    | Entered Level 5 of the Realm of Zot
 80234 | Zot:5    | Noticed a Killer Klown
 80239 | Zot:5    | Noticed an orb of fire
 80251 | Zot:5    | Noticed a Killer Klown
 80253 | Zot:5    | Gained mutation: You are partially covered in large bone
                  | plates. (SH +4) [an orb of fire]
 80253 | Zot:5    | Noticed a Killer Klown
 80257 | Zot:5    | Killed an orb of fire
 80274 | Zot:5    | Killed a Killer Klown
 80282 | Zot:5    | Killed a Killer Klown
 80317 | Zot:5    | Killed a Killer Klown
 80667 | Zot:5    | Identified a +9 lajatang of holy wrath (a +9 lajatang of
                  | freezing blessed by the Shining One)
 80667 | Zot:5    | Received a gift from the Shining One
 80682 | Zot:5    | Noticed a Killer Klown
 80705 | Zot:5    | Killed a Killer Klown
 80954 | Zot:5    | Noticed a Killer Klown
 80964 | Zot:5    | Killed a Killer Klown
 80965 | Zot:5    | Noticed a Killer Klown
 80976 | Zot:5    | Killed a Killer Klown
 81015 | Zot:5    | Noticed an ancient lich
 81026 | Zot:5    | Killed an ancient lich
 81027 | Zot:5    | Noticed an ancient lich
 81036 | Zot:5    | Killed an ancient lich
 81038 | Zot:5    | Noticed an orb of fire
 81038 | Zot:5    | Noticed a Killer Klown
 81039 | Zot:5    | Noticed an orb of fire
 81047 | Zot:5    | Gained mutation: You sometimes yell uncontrollably at your
                  | foes. [an orb of fire]
 81054 | Zot:5    | Killed an orb of fire
 81062 | Zot:5    | Gained mutation: You frequently scream uncontrollably at
                  | your foes. [an orb of fire]
 81066 | Zot:5    | Gained mutation: You are weak. (Str -2) [an orb of fire]
 81067 | Zot:5    | Killed an orb of fire
 81652 | Zot:5    | Noticed a Killer Klown
 81679 | Zot:5    | Killed a Killer Klown
 81936 | Zot:5    | Noticed a Killer Klown
 81949 | Zot:5    | Killed a Killer Klown
 82068 | Zot:5    | Killed a Killer Klown
 82700 | Geh:1    | Entered Level 1 of Gehenna
 83307 | Geh:2    | Identified the +1 scythe "Atixerau" {freeze, rF+} (You
                  | found it on level 2 of Gehenna)
 84268 | Geh:7    | Entered Level 7 of Gehenna
 84803 | Geh:7    | Identified the +4 flail "Sigraopne" {venom, *Drain rElec
                  | Int+7}
 84990 | Geh:7    | Identified the +7 sceptre of Asmodeus
 84990 | Geh:7    | Noticed Asmodeus
 85022 | Geh:7    | Killed Asmodeus
 85267 | Geh:7    | Got an obsidian rune of Zot
 85269 | Geh:7    | Identified the Compendium of Cankerous Displacement
 85557 | Coc:1    | Entered Level 1 of Cocytus
 85815 | Coc:2    | Reached skill level 27 in Fighting
 85955 | Coc:2    | You fall into a shaft and drop 1 floor!
 86114 | Coc:3    | You fall into a shaft and drop 3 floors!
 86114 | Coc:6    | Noticed a shard shrike
 86122 | Coc:6    | Noticed a shard shrike
 86122 | Coc:6    | Killed a shard shrike
 86123 | Coc:6    | Noticed a shard shrike
 86125 | Coc:6    | Noticed a shard shrike
 86129 | Coc:6    | Killed a shard shrike
 86132 | Coc:6    | Killed a shard shrike
 86141 | Coc:6    | Killed a shard shrike
 86189 | Coc:7    | Entered Level 7 of Cocytus
 86310 | Coc:7    | Noticed a shard shrike
 86310 | Coc:7    | Noticed a shard shrike
 86310 | Coc:7    | Noticed a shard shrike
 86310 | Coc:7    | Noticed a shard shrike
 86313 | Coc:7    | Killed a shard shrike
 86314 | Coc:7    | Killed a shard shrike
 86315 | Coc:7    | Killed a shard shrike
 86315 | Coc:7    | Killed a shard shrike
 86445 | Coc:7    | Found the +3 giant club "Skullcrusher" {speed, Str+7}
 86471 | Coc:7    | Identified the ring "Seseq" {rElec rPois Str+2 Slay-5
                  | Stlth-} (You found it on level 7 of Cocytus)
 87160 | Coc:7    | Identified the +6 dire flail of Tengunlo {pain, rC++}
 87160 | Coc:7    | Noticed Antaeus
 87182 | Coc:7    | HP: 2/273 [Antaeus/the +6 dire flail of Tengunlo {pain,
                  | rC++} (19)]
 87182 | Coc:7    | The Shining One protects you from harm!
 87183 | Coc:7    | Mangled by Antaeus

Illustrated notes

Levels and vault maps discovered:
D:1:      lemuel_arrival_rhombus, layout_basic, serial_bayou_pond_d,
          minmay_three_crescents
D:2:      layout_loops_cross, st_stairs_13
D:3:      layout_basic, lemuel_coloured_pillars_altar,
          grunt_temple_overflow_open, serial_rivers,
          chequers_serial_rivers_room_b, chequers_serial_rivers_small_3,
          chequers_serial_rivers_micro_c, chequers_serial_rivers_micro_d,
          chequers_serial_rivers_small_a, uniq_ijyb, uniq_jessica
D:4:      layout_loops_cross
D:5:      layout_basic, serial_shops, kennysheep_mini_moat,
          grunt_dithmenos_smoke_and_mirrors
D:6:      layout_loops_corners, overflow_temple_1_default, lemuel_doored_altar,
          lemuel_blue_sif_altar
D:7:      layout_layer_cave, old_standard_altar, nzn_hepliaklqana_mist_gate,
          kennysheep_mini, temple_green, minmay_misc_feat_more_columns
D:8:      layout_basic, lemuel_round_altar, minmay_lair_entry_grove
D:9:      layout_loops_cross, vehumet_statue, enter_bailey_3, basic_altar,
          serial_shops, shop, kennysheep_cluttered_room
D:10:     cheibrodos_shockbox, layout_basic, orc_0_dummy,
          kennysheep_generic_room_7, uniq_sonja
D:11:     layout_irregular_city, uniq_grum, uniq_josephine
D:12:     layout_roguey
D:13:     layout_long_grid, grunt_vaults_entry_fortified, basic_altar
D:14:     layout_stronghold, infiniplex_staircase_door_maze, the_bakery,
          uniq_kirke
D:15:     gammafunk_depths_entry_grave, layout_cave_pods,
          okawaru_ov_weapons_minmay, serial_shops, shop, lightli_minifort,
          uniq_roxanne
Lair:1:   layout_gridlike, gammafunk_ghost_split, st_stairs_7
Lair:2:   layout_regular_city, swamp_mist_pool, serial_bayou,
          serial_bayou_lake_a, serial_bayou_shore_a, serial_bayou_pond_a,
          serial_bayou_pond_a, grunt_forest_large_clearings
Lair:3:   layout_chaotic_city
Lair:4:   layout_regular_city, guppyfry_snake_entry_garden, beast_lair_carwin_6,
          lemuel_fruit_fields, lemuel_fruit_tree
Lair:5:   layout_loops_ring, serial_bayou_lagoon_b, uniq_snorg
Lair:6:   minmay_lair_end_enchanted_forest, layout_misc_corridors,
          slime_altar_1, grunt_megastairs_5
Swamp:1:  layout_basic_swamp, evilmike_swamp_ruin_rubble_2
Swamp:2:  layout_basic_swamp, gammafunk_ghost_grave, serial_swamp_ruin,
          evilmike_swamp_ruin_house_3, evilmike_swamp_ruin_rubble_1,
          evilmike_swamp_ruin_house_4, swamp_pool1, st_shrine_of_shade
Swamp:3:  layout_falls_marsh, nicolae_swamp_very_dense_foliage, swamp_pool5,
          infiniplex_staircase_pool
Swamp:4:  nzn_swamp_witches_coven, layout_basic_swamp
Snake:1:  layout_misc_corridors, basic_altar
Snake:2:  layout_honeycomb, serial_shops, shop, shop_statue, shop, basic_altar,
          portal_ice_cave_entry_pillars_2, grunt_ministairs_9,
          minmay_shop_grove, uniq_vashnia
Snake:3:  onia_ninara_swampy_vault, layout_chambers, serial_shops, shop
Snake:4:  minmay_snake_end_coiled, layout_onion, basic_altar,
          serial_bayou_crossing
Slime:1:  layout_caves
Slime:2:  layout_caves, cheibrodos_slime_lost_civilization_7
Slime:3:  layout_caves, nicolae_slime_phagocytosis
Slime:4:  layout_caves, nicolae_slime_welcoming_committee
Slime:5
Orc:1:    gammafunk_beogh_shrine, layout_diamond_mine, trog_butcher_becter,
          uniq_harold
Orc:2:    st_orc_ogre_mass, layout_caves, serial_shops, shop_statue
Elf:1:    layout_loops_corners, minmay_elf_demonology, columned_hall_lemuel,
          uniq_donald
Elf:2:    layout_geoelf_grid, grunt_megastairs_4
Elf:3:    grunt_elf_hall_branching, layout_geoelf_castle, serial_shops,
          nicolae_shop_behind_doors
Vaults:1: v_rooms_4, nicolae_vaults_little_squares_2, v_misc_33,
          nicolae_vaults_little_ls, layout_vaults_quadrants,
          nicolae_trove_entry_path_of_doom
Vaults:2: nicolae_vaults_ninety_degrees, nicolae_vaults_hallways_thing,
          blue_anna_dwarven_crypt, vaults_dpeg_hooks, hangedman_vaults_locks,
          hangedman_vaults_cutoff, vaults_mumra_hex,
          nicolae_vaults_little_squares_5, v_misc_13, ontoclasm_vaults_pinch,
          grunt_vaults_trifunnel, vaults_room_corners, layout_vaults_ring,
          serial_shops, nicolae_shop_overgrown_old_shop, uniq_aizul
Vaults:3: nicolae_vaults_twisting_passages, vaults_room_hangedman_quadrants,
          grunt_vaults_hallway_short, nicolae_vaults_network_quinsquares
          [nicolae_vaults_network_quincunx_subvault,
          nicolae_vaults_network_quincunx_subvault,
          nicolae_vaults_network_quincunx_subvault,
          nicolae_vaults_network_quincunx_subvault],
          ontoclasm_vaults_loading_screen, vaults_room_pool, v_misc_24,
          hangedman_vaults_nails, nicolae_vaults_little_squares_6, v_misc_32,
          hangedman_vaults_cutoff, layout_vaults_omnicross
Vaults:4: nicolae_vaults_octagons, serial_ice_b, v_misc_27,
          ontoclasm_vaults_tryst, v_misc_12, vaults_room_stairs_pillars,
          nicolae_vaults_little_squares_3, nicolae_vaults_border_crossing,
          ontoclasm_vaults_ring_small, grunt_vaults_hallway_short, v_misc_2,
          nicolae_vaults_shelves_hall, ontoclasm_vaults_eye,
          nicolae_vaults_theta, v_misc_16, layout_vaults_omnibox, serial_shops,
          shop, uniq_saint_roka
Vaults:5: serial_shops, uniq_sojobo
Crypt:1:  cheibrodos_crypt_cold_storage, layout_basic,
          minmay_guarded_unrand_zonguldrok, grunt_crypt_arrival_split,
          uniq_bai_suzhen
Crypt:2:  layout_misc_corridors, minmay_strange_pillars, minivault_14,
          grunt_megastairs_2
Crypt:3:  cryptofortress_bobbens
Depths:1: minmay_octagon_keep, layout_gridlike, pf_coc_iceberg,
          rand_demon_pan_entry_4, moated_statue, minmay_splitting_lines,
          wad_hexagon, serial_bayou_shore_b, firewood_loft
Depths:2: kennysheep_snake, layout_gridlike, serial_shops, nicolae_shop_trees,
          hell_entry, minivault_16
Depths:3: minmay_crescents, layout_basic, enter_ziggurat_c,
          rand_demon_pan_entry_7, grunt_hell_entry_dis_grunt,
          minmay_misc_feat_tower, minmay_shoptagon,
          minmay_staircase_statues_hall_small
Depths:4: nicolae_legendary_halls, layout_gridlike, grunt_hell_horde,
          abyss_entry, bh_walls_and_bars, grunt_decor_resistance, tso_altar,
          uniq_frederick
Depths:5: grunt_zot_entry_gee_three, layout_cave_shapes, minmay_misc_feat_cross,
          hell_entry, abyss_entry
Hell
Geh:1:    layout_gehenna_pools_box, grunt_megastairs_3
Geh:2:    layout_gehenna_pools_box, nicolae_geh_amphitheater,
          hangedman_mysterious_dungeon_monster_house
Geh:3:    layout_gehenna_pools_triple, lemuel_elevator
Geh:4:    layout_gehenna_pools_triple, not_door_vault_due, lemuel_elevator
Geh:5:    layout_gehenna_lava_caves
Geh:6:    layout_gehenna_pools_basic, evilmike_ambush
          [evilmike_ambush_outer_pillars, evilmike_ambush_inner_pond]
Geh:7:    geh_grunt_pentagon
Coc:1:    layout_ice_bergs
Coc:2:    layout_ice_bergs
Coc:3:    layout_ice_bergs
Coc:6:    layout_cocytus_water_paths
Coc:7:    coc_grunt
Zot:1:    layout_concentric_octagons, skrybe_zot_glass_3
Zot:2:    layout_twisted_circle
Zot:3:    layout_concentric_octagons
Zot:4:    layout_gridlike
Zot:5:    layout_twisted_circle

Skill      XL: |  1  2  3  4  5  6  7  8  9 10 11 12 13 14 15 16 17 18 19 20 21 22 23 24 25 26 27 |
---------------+----------------------------------------------------------------------------------+-----
Shields        | 4 5 6 7 9 11 12 13 15 16 17 | 17.0
Dodging        | 1 2 3 4 6 7 9 11 12 13 15 16 | 16.1
Staves         | 3 4 6 7 9 11 13 14 | 14.0
Fighting       | 4 5 6 8 9 10 12 13 14 15 17 18 19 20 21 22 23 24 27 | 27.0
Stealth        | 1 |  1.1
Throwing       | 2 3 5 7 8 10 11 12 | 12.0
Evocations     | 1 3 5 7 |  7.0
Armour         | 4 6 9 10 12 13 14 16 17 18 | 18.1
Invocations    | 3 5 7 10 12 13 14 15 20 | 20.1
Spellcasting   | 6 9 12 13 21 | 21.8
Air Magic      | 24 | 24.0

Action                   |  1- 3 |  4- 6 |  7- 9 | 10-12 | 13-15 | 16-18 | 19-21 | 22-24 | 25-27 || total
-------------------------+-------+-------+-------+-------+-------+-------+-------+-------+-------++-------
Melee: Quarterstaff      |    88 |   126 |   327 |   838 |  1703 |  1688 |    70 |       |       ||  4840
       Lajatang          |       |       |       |       |       |   543 |  1079 |  1334 |  4478 ||  7434
Throw: Boomerang         |       |       |    15 |    24 |    36 |    35 |     1 |    38 |       ||   149
       Dart              |       |       |     5 |     5 |     5 |     1 |     1 |       |       ||    17
       Throwing net      |       |       |     1 |       |       |       |       |       |       ||     1
       Javelin           |       |       |       |    11 |    19 |    15 |    11 |    17 |    10 ||    83
 Cast: Tornado           |       |       |       |       |       |       |       |       |    63 ||    63
       Airstrike         |       |       |       |       |       |       |       |       |    30 ||    30
Invok: Cleansing Flame   |       |       |       |       |       |     3 |    10 |    10 |    96 ||   119
       Summon Divine War |       |       |       |       |       |     4 |     4 |     1 |     8 ||    17
       Divine Shield     |       |       |       |       |       |     2 |     2 |       |     1 ||     5
       Brand Weapon With |       |       |       |       |       |       |       |       |     1 ||     1
 Abil: Dig               |       |     5 |     7 |    14 |    23 |    46 |    20 |     1 |    35 ||   151
       Shaft Self        |       |       |       |     1 |     2 |     1 |       |       |     1 ||     5
Evoke: Wand              |       |       |       |     7 |    35 |    10 |    10 |       |     6 ||    68
       Box of beasts     |       |       |       |       |     2 |     2 |     1 |       |       ||     5
       Tin of tremorston |       |       |       |       |       |       |       |     2 |     4 ||     6
       Phial of floods   |       |       |       |       |       |       |       |       |     1 ||     1
  Use: Potion            |       |     3 |     2 |       |       |     2 |     4 |     6 |    12 ||    29
       Scroll            |       |     2 |     9 |     9 |     9 |    12 |    14 |     6 |    33 ||    94
Armor: Scale mail        |    45 |    62 |    36 |    54 |       |       |       |       |       ||   197
       Leather armour    |       |       |    27 |       |       |       |       |       |       ||    27
       Chain mail        |       |       |       |    58 |   254 |   366 |       |       |       ||   678
       Skin              |       |       |       |       |       |     8 |       |       |     2 ||    10
       Crystal plate arm |       |       |       |       |       |   157 |   464 |   479 |   416 ||  1516
       Gold dragon scale |       |       |       |       |       |       |       |       |   815 ||   815
       Ice dragon scales |       |       |       |       |       |       |       |       |   343 ||   343
Dodge: Dodged            |    32 |    47 |    93 |   208 |   434 |   634 |   312 |   435 |  1971 ||  4166
Block: Kite shield       |    50 |    87 |   121 |   369 |   841 |  1248 |   726 |   926 |  3668 ||  8036
